 Dungeon Crawl Stone Soup version 0.25-a0-589-g1e14c54 (webtiles) character file.

Game seed: 5405606824933911324, levelgen mode: deterministic

219094 BlueFish the Fencer (level 18, -26/119 HPs)
             Began as a Minotaur Fighter on Mar 9, 2020.
             Was the Champion of Yredelemnul.
             Killed from afar by a wretched star (31 damage)
             ... with a lance of force
             ... on level 2 of the Abyss on Mar 10, 2020.
             The game lasted 01:38:34 (37242 turns).

BlueFish the Fencer (Minotaur Fighter)             Turns: 37242, Time: 01:38:35

Health: -26/119    AC: 23    Str: 18    XL:     18   Next: 0%
Magic:  14/19      EV: 10    Int: -1 (1) God:    Yredelemnul [******]
Gold:   4627       SH:  9    Dex: 16    Spells: 17/17 levels left

rFire    + . .     SeeInvis .   E - +0 long sword (vamp)
rCold    . . .     Gourm    .   G - +2 buckler {rF+}
rNeg     . . .     Faith    +   D - +0 plate armour
rPois    +         Spirit   .   K - +2 hat
rElec    .         Reflect  .   F - +0 cloak
rCorr    +         Harm     .   P - +0 pair of gloves {Dex+3}
MR       +....     Rnd*Rage +   V - +2 pair of boots {Stlth+} Stlth ..........Rnd*Tele +
                                L - amulet of faith
HPRegen  0.29/turn              J - ring of resist corrosion
MPRegen  0.16/turn              R - ring of poison resistance

@: berserk cooldown, slowed, lost intelligence, very slow
A: retaliatory headbutt, horns 2, [berserk 3], [blurry vision 2], [clumsy 2],
[deformed body], [deterioration 2], [dopey 2], [frail 3], [low mp 3], [screaming
3], [teleportitis 3], [weak 2], [no potion heal 3], [subdued magic 3]
}: 2/15 runes: barnacled, gossamer
a: Recall Undead Slaves, Injury Mirror, Animate Dead, Drain Life, Enslave Soul,
Renounce Religion


You were on level 2 of the Abyss.
You worshipped Yredelemnul.
Yredelemnul was exalted by your worship.
You were very hungry.

You visited 7 branches of the dungeon, and saw 35 of its levels.
You visited the Abyss 1 time.
You also visited: Ossuary.

You collected 4849 gold pieces.
You spent 222 gold pieces at shops.

Inventory:

Hand Weapons
 m - a +2 scimitar of flaming
 E - a +0 vampiric long sword (weapon)
 I - a +2 long sword of holy wrath
Armour
 a - a +0 buckler of positive energy
 c - a +0 kite shield
 D - a +0 plate armour (worn)
 F - a +0 cloak (worn)
 G - a +2 buckler of fire resistance (worn)
 K - a +2 hat (worn)
 P - a +0 pair of gloves of dexterity (worn)
 V - a +2 pair of boots of stealth (worn)
Jewellery
 e - an uncursed ring of protection from magic
 h - an uncursed ring of flight
 i - a +4 ring of protection
 k - an uncursed ring of positive energy
 n - an uncursed ring of protection from cold
 J - a ring of resist corrosion (left hand)
 L - an amulet of faith (around neck)
 R - a ring of poison resistance (right hand)
 Y - an uncursed amulet of regeneration
 Z - a +6 ring of dexterity
Wands
 S - a wand of digging (5)
Scrolls
 b - 13 scrolls of remove curse
 g - 9 scrolls of amnesia
 t - 7 scrolls of fear
 v - 11 scrolls of blinking
 w - 16 scrolls of teleportation
 x - 2 scrolls of vulnerability
 y - 5 scrolls of enchant armour
 z - 14 scrolls of identify
 H - 4 scrolls of enchant weapon
 N - 4 scrolls of fog
 Q - 3 scrolls of magic mapping
 X - 2 scrolls of summoning
Potions
 d - 6 potions of might
 j - 10 potions of ambrosia
 l - 10 potions of curing
 o - 5 potions of brilliance
 p - 7 potions of flight
 q - 2 potions of cancellation
 r - 7 potions of lignification
 s - 3 potions of stabbing
 u - 5 potions of haste
 A - 2 potions of mutation
 C - 9 potions of heal wounds
 M - a potion of resistance
 O - 3 potions of magic
 W - 2 potions of invisibility
Comestibles
 f - 72 rations


   Skills:
 * Level 17.4 Fighting
 * Level 20.5 Long Blades
 * Level 19.2 Armour
 + Level 5.5 Dodging
 * Level 11.5 Shields
 * Level 15.2 Invocations


You had 17 spell levels left.
You didn't know any spells.
Your spell library contained the following spells:

 Spells                   Type           Power        Failure   Level  Hunger
 Animate Skeleton         Necr           N/A          99%         1    ##.....
 Corona                   Hex            #......      99%         1    ##.....
 Foxfire                  Conj/Fire      #...         99%         1    ##.....
 Pain                     Necr           #...         99%         1    ##.....
 Shock                    Conj/Air       #...         99%         1    ##.....
 Summon Small Mammal      Summ           #...         99%         1    ##.....
 Call Imp                 Summ           #.......     100%        2    ###....
 Corpse Rot               Necr/Air       N/A          100%        2    ###....
 Ensorcelled Hibernation  Hex/Ice        #.....       100%        2    ###....
 Sublimation of Blood     Necr           #.........   100%        2    ###....
 Swiftness                Chrm/Air       #.......     100%        2    ###....
 Call Canine Familiar     Summ           #.......     100%        3    ####...
 Confusing Touch          Hex            #.......     100%        3    ####...
 Conjure Flame            Conj/Fire      #.......     100%        3    ####...
 Dazzling Flash           Conj/Hex       #.....       100%        3    ####...
 Gell's Gravitas          Tloc           #.........   100%        3    ####...
 Inner Flame              Hex/Fire       #.......     100%        3    ####...
 Portal Projectile        Hex/Tloc       #.....       100%        3    ####...
 Static Discharge         Conj/Air       #.......     100%        3    ####...
 Summon Guardian Golem    Hex/Summ       #.......     100%        3    ####...
 Tukima's Dance           Hex            #.......     100%        3    ####...
 Vampiric Draining        Necr           #.........   100%        3    ####...
 Airstrike                Air            #.........   100%        4    #####..
 Animate Dead             Necr           N/A          100%        4    #####..
 Dispel Undead            Necr           #.......     100%        4    #####..
 Leda's Liquefaction      Hex/Erth       #.........   100%        4    #####..
 Petrify                  Tmut/Erth      #.......     100%        4    #####..
 Sticky Flame             Conj/Fire      #.......     100%        4    #####..
 Summon Ice Beast         Ice/Summ       #.......     100%        4    #####..
 Summon Lightning Spire   Summ/Air       #.......     100%        4    #####..
 Agony                    Necr           #.......     100%        5    ######.
 Blade Hands              Tmut           #.........   100%        5    ######.
 Bolt of Magma            Conj/Fire/Erth #.........   100%        5    ######.
 Excruciating Wounds      Chrm/Necr      #.........   100%        5    ######.
 Fireball                 Conj/Fire      #.........   100%        5    ######.
 Lightning Bolt           Conj/Air       #.........   100%        5    ######.
 Conjure Ball Lightning   Conj/Air       #.........   100%        6    #######
 Dispersal                Tloc           #.........   100%        6    #######
 Iron Shot                Conj/Erth      #.........   100%        6    #######
 Statue Form              Tmut/Erth      #........    100%        6    #######
 Controlled Blink         Tloc           N/A          100%        8    #######
 Disjunction              Tloc           #.........   100%        8    #######
 Ignition                 Fire           #.........   100%        8    #######
 Shatter                  Erth           #.........   100%        9    #######
 Tornado                  Air            #.........   100%        9    #######


Dungeon Overview and Level Annotations

Branches:
Dungeon (15/15)            Temple (1/1) D:5            Lair (6/6) D:9
 Shoals (4/4) Lair:2       Spider (4/4) Lair:4        Slime (0/5) Lair:6
    Orc (2/2) D:11            Elf (3/3) Orc:2        Vaults (0/5) D:13
 Depths (0/5) D:15        Ossuary (visited)

Altars:
Ashenzari
Cheibriados
Dithmenos
Elyvilon
Fedhas
Gozag
Hepliaklqana
Kikubaaqudgha
Makhleb
Nemelex Xobeh
Okawaru
Qazlal
Ru
Sif Muna
Trog
Uskayaw
Vehumet
Wu Jian
Xom
Yredelemnul
Zin
The Shining One
Beogh
Jiyva

Shops:
D:10 ?   Orc:1 !   Orc:2 [(!%   Elf:1 }


Innate Abilities, Weirdness & Mutations

You reflexively headbutt those who attack you in melee.
You have a pair of horns on your head.
[You have an uncontrollable temper.]
[Scrolls take you longer to read.]
[You are very clumsy. (Dex -4)]
[Armour fits poorly on your strangely shaped body.]
[Your body often deteriorates upon taking damage.]
[You are very dopey. (Int -4)]
[You are extremely frail. (-30% HP)]
[Your magical capacity is extremely low. (-30% MP)]
[You frequently scream uncontrollably at your foes.]
[You are often teleported next to monsters.]
[You are very weak. (Str -4)]
[Potions cannot restore your health.]
[Your spells are much easier to cast, but much less powerful.]


Message History

The raiju bursts into living lightning!
The living lightning hits you!
* * * LOW HITPOINT WARNING * * *
The living lightning hits you!
* * * LOW HITPOINT WARNING * * *
Your body deteriorates!
You feel dopey.
The raiju blinks! x3
Okay, then.
You hit the wretched star but do no damage.
Your headbutt misses the wretched star.
The raiju bursts into living lightning!
The living lightning hits you!
* * * LOW HITPOINT WARNING * * *
The living lightning hits you.
* * * LOW HITPOINT WARNING * * *
The raiju blinks! x3
The wretched star glows turbulently.
The lance of force hits you!!
You die...
Your body rises from the dead as a mindless zombie.

# #.#).#
###.#.#.#. #
# ...h#... ##
.#####.>.#.##
# ...§..
..§.. . # .#
# #. #.##
#..# . #.###
### . #h*h# #
.. # #@### #
# #h### #.
#.. . # # .#.
. # # # .#


You could see a wretched star and 2 raiju.

Vanquished Creatures
  2 deep elf blademasters (Elf:3)
  A deep elf master archer (Elf:3)
  Gastronok (Lair:3)
  The ghost of glueburn the Severer, an adept HOFi of Okawaru (Spider:1)
  Donald (Shoals:2)
  Kirke (Lair:5)
  4 deep elf sorcerers (Elf:3)
  An emperor scorpion (Spider:4)
  A deep elf elementalist (Elf:3)
  A stone giant (Orc:2)
  4 deep elf demonologists (Elf:3)
  A deep elf annihilator (Elf:3)
  A merfolk javelineer (Shoals:4)
  3 deep elf death magi
  4 merfolk impalers
  Josephine (D:14)
  The ghost of MrDNA the Covert, a journeyman HuAs of Okawaru (Lair:1)
  A great orb of eyes (Abyss:2)
  A vault guard (D:13)
  6 hydras
  A merfolk aquamancer (Shoals:1)
  2 centaur warriors
  A tengu warrior (D:15)
  8 dancing weapons
  Sonja (Lair:1)
  6 deep elf knights
  A wretched star (Abyss:2)
  A shock serpent (shapeshifter) (D:14)
  A large abomination (Abyss:2)
  A spectral death yak (Lair:1)
  A wizard (Abyss:2)
  An orc knight (D:15)
  5 deep elf archers
  18 deep elf magi
  An orb spider (Spider:2)
  2 harpies (Shoals:1)
  2 wolf spiders
  2 oklob plants (Lair:3)
  5 orc sorcerers (Orc:2)
  A cyclops (D:11)
  2 fauns (Shoals:1)
  A moth of wrath (Spider:4)
  A centaur zombie (D:12)
  A merfolk siren (Shoals:1)
  A torpor snail (Lair:5)
  8 elephants
  3 smoke demons (Abyss:2)
  A gargoyle (D:11)
  2 rime drakes
  2 demonic crawlers
  13 spiny frogs
  A komodo dragon (shapeshifter) (Elf:2)
  5 komodo dragons
  A kobold demonologist (D:13)
  A tengu conjurer (D:15)
  2 trolls
  A polar bear (Lair:4)
  A jumping spider (Spider:3)
  5 merfolk
  A hornet (Spider:2)
  9 blink frogs
  11 hippogriffs
  A raiju (Abyss:2)
  2 air elementals
  2 wraiths (D:14)
  8 redbacks
  4 tarantellas
  A wyvern (D:8)
  4 fire elementals
  11 yaks
  A basilisk (Lair:6)
  A small abomination (Abyss:2)
  4 vampire mosquitoes
  Menkaure (Ossuary)
  A death yak simulacrum (Lair:1)
  A hungry ghost (D:11)
  6 wargs
  4 water moccasins
  2 acid dragons
  4 porcupines
  An ice beast (D:10)
  A swamp drake (D:11)
  A phantom (D:8)
  A black bear (Lair:4)
  15 orc warriors
  A necrophage (D:14)
  12 ogres
  15 centaurs
  14 wolves
  A boggart (D:15)
  6 crocodiles
  A big kobold (D:10)
  16 bullfrogs
  An earth elemental (Elf:1)
  4 scorpions
  A water moccasin skeleton (D:12)
  4 howler monkeys
  An electric eel (D:13)
  6 jellies
  2 bullfrog zombies
  8 crimson imps
  3 human zombies (D:14)
  2 quasits
  8 hounds
  A centaur skeleton (D:9)
  11 orc priests
  22 orc wizards
  A bullfrog skeleton (D:10)
  2 human skeletons (D:14)
  3 iguanas
  11 worker ants
  2 killer bee zombies
  An ogre zombie (D:14)
  3 mummies (Ossuary)
  2 worker ant zombies
  4 adders
  5 gnolls
  6 shadow imps
  A white imp (Spider:3)
  2 oozes
  An adder skeleton (D:7)
  5 worms
  4 dart slugs
  2 leopard geckos
  78 orcs
  A ball python (D:5)
  2 giant cockroaches (D:3)
  A gnoll zombie (Ossuary)
  4 goblins
  3 hobgoblins
  3 quokkas
  4 bats
  3 frilled lizards
  7 gnoll skeletons (Ossuary)
  2 goblin skeletons (Ossuary)
  5 goblin zombies (Ossuary)
  5 hobgoblin skeletons (Ossuary)
  2 hobgoblin zombies (Ossuary)
  A jackal zombie (D:6)
  4 kobolds
  3 kobold skeletons (Ossuary)
  9 kobold zombies (Ossuary)
  A leopard gecko skeleton (D:4)
  5 orc skeletons (Ossuary)
  5 orc zombies
  6 rats
  2 rat skeletons (Ossuary)
  5 rat zombies (Ossuary)
  A plant (Shoals:3)
605 creatures vanquished.

Vanquished Creatures (collateral kills)
  Bai Suzhen (Spider:3)
  Rupert (D:15)
  A deep elf blademaster (Elf:2)
  A deep elf master archer (Elf:3)
  A kraken (Shoals:1)
  Frances (Shoals:2)
  A frost giant (Shoals:4)
  2 deep elf sorcerers (Elf:3)
  7 emperor scorpions
  2 ghost moths (Spider:4)
  2 orc warlords (Orc:1)
  3 deep elf elementalists (Elf:3)
  The ghost of Nixesouz the Fencer, a journeyman OpGl of Ashenzari (D:13)
  2 entropy weavers
  Nessos (D:14)
  5 deep elf annihilators (Elf:3)
  2 deep elf death magi
  A merfolk javelineer (Shoals:4)
  Snorg (Lair:3)
  An ettin (D:15)
  5 merfolk impalers (Shoals:4)
  2 deep elf high priests
  A hydra (Lair:6)
  2 death knights (D:15)
  8 merfolk avatars
  3 centaur warriors
  An alligator snapping turtle (Shoals:1)
  A merfolk aquamancer (Shoals:4)
  3 two-headed ogres
  An ogre mage (D:15)
  18 dancing weapons
  A tengu warrior (D:15)
  An orc high priest (Elf:2)
  8 deep elf knights
  A skeletal warrior (D:15)
  A wretched star (Abyss:2)
  A hell knight (D:15)
  2 unseen horrors
  2 fire crabs (Shoals:1)
  6 sea snakes
  7 deep elf archers
  13 harpies
  An orc knight (D:15)
  2 oklob plants (Lair:3)
  18 orb spiders
  18 wolf spiders
  3 ugly things (D:14)
  9 fauns
  3 elephants (Lair:6)
  4 orc sorcerers (Orc:2)
  8 manticores
  27 deep elf magi
  A worldbinder (Abyss:2)
  2 moths of wrath
  2 water nymphs (Shoals:2)
  18 merfolk sirens
  A black mamba (Lair:6)
  A centaur zombie (D:15)
  A torpor snail (Spider:1)
  7 spiny frogs (Lair:6)
  4 freezing wraiths (D:15)
  14 demonic crawlers
  A komodo dragon (Lair:1)
  2 kobold demonologists
  An efreet (D:15)
  28 jumping spiders
  A small abomination (Elf:3)
  33 merfolk
  3 meliai (D:14)
  3 tyrant leeches (Lair:6)
  A raiju (shapeshifter) (Elf:3)
  2 hippogriffs
  9 snapping turtles
  4 hornets
  5 wind drakes
  A slime creature (D:15)
  6 blink frogs
  A spectral black mamba (Lair:1)
  2 air elementals
  4 wraiths
  52 redbacks
  A shadow (D:12)
  15 tarantellas
  A vampire (D:14)
  10 water elementals
  3 wyverns
  A basilisk (Lair:6)
  2 fire bats (Shoals:1)
  A fire elemental (Elf:1)
  3 yaks
  15 vampire mosquitoes
  2 hungry ghosts
  4 wargs
  An acid dragon (D:15)
  3 water moccasins
  A porcupine (Lair:5)
  8 orc warriors
  A black bear (D:11)
  4 ogres
  3 boggarts (D:15)
  6 centaurs
  2 crocodiles (Lair:1)
  A big kobold (D:10)
  An elf zombie (D:14)
  9 bullfrogs
  4 earth elementals
  A dream sheep simulacrum (Lair:1)
  3 electric eels
  2 crimson imps (D:13)
  2 bullfrog zombies
  3 quasits
  5 orc priests
  3 centaur skeletons
  A human zombie (D:14)
  3 worker ants
  An iguana (D:13)
  16 orc wizards
  A mummy (D:14)
  A worker ant zombie (D:10)
  2 shadow imps (D:15)
  A white imp (Abyss:2)
  29 orcs
  2 kobolds (D:10)
  A bush (Lair:6)
  3 crawling corpses (Elf:3)
  30 fungi
  172 plants
  A tentacle (Shoals:1)
813 creatures vanquished.

Vanquished Creatures (others)
  4 vampire knights
  A flayed ghost (Abyss:2)
  A skeletal warrior (Shoals:4)
  A sea snake (Shoals:4)
  8 phantasmal warriors
  A wolf spider zombie (Spider:3)
  A deep elf mage (Elf:1)
  An elf skeleton (Elf:3)
  4 redback zombies (Spider:3)
  4 harpy zombies
  A hydra zombie (Abyss:2)
  5 flying skulls
  3 wraiths
  3 vampires
  An elf zombie (Elf:2)
  2 hornet zombies
  A manticore zombie (Shoals:1)
  A manticore skeleton (Shoals:4)
  2 blink frog skeletons (Lair:6)
  A vampire mosquito zombie (Lair:6)
  2 water moccasin zombies
  A komodo dragon skeleton (Lair:3)
  3 hippogriff skeletons
  A warg zombie (Orc:2)
  A yak zombie (D:11)
  A cyclops skeleton (D:11)
  A wight (Lair:6)
  2 yak skeletons
  A wolf zombie (Lair:3)
  A bullfrog zombie (Lair:6)
  3 bullfrog skeletons
  An orc wizard (D:11)
  An ogre skeleton (Orc:1)
  A mummy (Lair:3)
  2 howler monkey skeletons
  An iguana skeleton (D:9)
  12 orc zombies (Orc:2)
  17 orc skeletons
  A goblin skeleton (Ossuary)
  A quokka skeleton (D:11)
  5 fungi (Lair:6)
  38 plants
  6 tentacles (Shoals:1)
149 creatures vanquished.

Grand Total: 1567 creatures vanquished

Notes
Turn   | Place    | Note
-------+----------+-------------------------------------------
     0 | D:1      | BlueFish the Minotaur Fighter began the quest for the Orb.
     0 | D:1      | Reached XP level 1. HP: 19/19 MP: 0/0
    76 | D:1      | Reached XP level 2. HP: 27/27 MP: 1/1
   894 | D:2      | Reached XP level 3. HP: 11/34 MP: 2/2
  1946 | D:3      | Noticed a moth of wrath
  1949 | D:3      | Found a bloodstained altar of Trog.
  1956 | D:3      | Reached skill level 3 in Long Blades
  2245 | D:3      | Reached XP level 4. HP: 41/41 MP: 3/3
  2470 | D:3      | Found an iron altar of Okawaru.
  2473 | D:3      | Found a shimmering altar of Xom.
  2477 | D:3      | Found a glowing golden altar of the Shining One.
  2975 | D:4      | Found a radiant altar of Vehumet.
  2997 | D:4      | Noticed an ogre
  2998 | D:4      | Reached skill level 4 in Long Blades
  2999 | D:4      | You fall into a shaft and drop 2 floors!
  3014 | D:6      | Reached skill level 5 in Armour
  3014 | D:6      | Reached XP level 5. HP: 29/47 MP: 4/4
  3271 | D:6      | Reached skill level 5 in Long Blades
  3288 | D:6      | Reached skill level 5 in Fighting
  3288 | D:6      | Reached skill level 1 in Dodging
  3288 | D:6      | Reached XP level 6. HP: 55/56 MP: 5/5
  3321 | D:5      | Entered Level 5 of the Dungeon
  3384 | D:5      | Found a staircase to the Ecumenical Temple.
  3391 | D:5      | Reached skill level 6 in Long Blades
  3400 | D:5      | Reached XP level 7. HP: 30/61 MP: 6/6
  3511 | D:5      | Found an opulent altar of Gozag.
  3564 | D:5      | Reached skill level 7 in Long Blades
  3598 | D:5      | Found a sand-covered staircase.
  3604 | Ossuary  | Entered an ossuary
  4012 | Ossuary  | Noticed Menkaure
  4021 | Ossuary  | Killed Menkaure
  4239 | D:5      | Reached skill level 8 in Long Blades
  4239 | D:5      | Reached XP level 8. HP: 70/70 MP: 7/7
  4333 | D:4      | Found a snail-covered altar of Cheibriados.
  4495 | Temple   | Entered the Ecumenical Temple
  4695 | Temple   | Became a worshipper of Yredelemnul the Dark
  5107 | D:4      | Reached skill level 9 in Long Blades
  5582 | D:5      | Found a burning altar of Makhleb.
  5829 | D:6      | Reached skill level 1 in Invocations
  6112 | D:6      | Found an ornate altar of the Wu Jian Council.
  6432 | D:7      | Reached skill level 10 in Long Blades
  6446 | D:7      | Reached * piety under Yredelemnul
  6779 | D:7      | Reached XP level 9. HP: 75/79 MP: 9/9
  7448 | D:8      | Found an ancient bone altar of Kikubaaqudgha.
  7496 | D:8      | Reached skill level 11 in Long Blades
  7830 | D:8      | Found a blossoming altar of Fedhas.
  7964 | D:9      | Found a hazy altar of Hepliaklqana.
  8187 | D:9      | Identified the +6 whip of Cruel Justice {vorpal, *Corrode
                  | Str+4 Dex+2 SInv}
  8189 | D:9      | Found a staircase to the Lair.
  8191 | D:9      | Paralysed by a hornet for 1 turns
  8197 | D:9      | Paralysed by a hornet for 3 turns
  8206 | D:9      | Reached ** piety under Yredelemnul
  8214 | D:9      | Noticed a two-headed ogre
  8532 | D:9      | Found a stormy altar of Qazlal.
  8973 | D:10     | Entered Level 10 of the Dungeon
  9089 | D:10     | Reached XP level 10. HP: 88/90 MP: 11/11
  9151 | D:10     | Reached skill level 10 in Fighting
  9151 | D:10     | Reached skill level 12 in Long Blades
  9151 | D:10     | Reached skill level 10 in Armour
  9151 | D:10     | Reached skill level 5 in Shields
  9151 | D:10     | Reached skill level 5 in Invocations
  9151 | D:10     | Reached XP level 11. HP: 99/99 MP: 11/14
  9807 | D:10     | Found Visch's Magic Scroll Shop.
 10247 | D:11     | Reached skill level 13 in Long Blades
 10312 | D:11     | HP: 1/101 [yak (10)]
 10724 | D:11     | Got a steaming hunting sling
 10928 | D:11     | Found a staircase to the Orcish Mines.
 11328 | Lair:1   | Entered Level 1 of the Lair of Beasts
 11404 | Lair:1   | Found a runed translucent gate.
 11404 | Lair:1   | Found a runed translucent gate.
 11404 | Lair:1   | Found a runed translucent gate.
 11412 | Lair:1   | Noticed MrDNA's ghost (journeyman HuAs)
 11414 | Lair:1   | Noticed Sonja
 11427 | Lair:1   | Killed Sonja
 11660 | Lair:1   | Reached *** piety under Yredelemnul
 12946 | Lair:2   | Reached XP level 12. HP: 110/110 MP: 16/16
 13036 | Lair:2   | Found a staircase to the Shoals.
 13109 | Lair:2   | Identified a scroll of acquirement
 13110 | Lair:2   | Identified the ring of the Solstice {rC+ MR+ Str-3 Stlth+}
                  | (You acquired it on level 2 of the Lair of Beasts)
 13361 | Lair:3   | Reached skill level 14 in Long Blades
 13367 | Lair:3   | Received a gift from Yredelemnul (a mummy)
 13928 | Lair:3   | Noticed Snorg
 13944 | Lair:3   | Killed Snorg
 14339 | Lair:3   | Noticed Gastronok
 14358 | Lair:3   | Killed Gastronok
 14686 | Lair:4   | Found a hole to the Spider Nest.
 14890 | Lair:4   | Noticed a six-headed hydra
 14899 | Lair:4   | Killed a one-headed hydra
 15953 | Lair:5   | Reached skill level 15 in Long Blades
 15958 | Lair:5   | Reached **** piety under Yredelemnul
 16382 | Lair:5   | Noticed a five-headed hydra
 16392 | Lair:5   | Killed a one-headed hydra
 16412 | Lair:5   | Noticed Kirke
 16421 | Lair:5   | Killed Kirke
 16630 | Lair:5   | Noticed an eight-headed hydra
 16639 | Lair:5   | Killed a one-headed hydra
 16639 | Lair:5   | Reached XP level 13. HP: 107/118 MP: 18/18
 16941 | Lair:6   | Entered Level 6 of the Lair of Beasts
 17410 | Lair:6   | Received a gift from Yredelemnul (a wight)
 17479 | Lair:6   | Reached skill level 16 in Long Blades
 17894 | Lair:6   | Reached ***** piety under Yredelemnul
 17895 | Lair:6   | Received a gift from Yredelemnul (a wraith)
 18387 | Lair:6   | Found a staircase to the Slime Pits.
 18387 | Lair:6   | Found a viscous altar of Jiyva.
 18587 | Lair:6   | Received a gift from Yredelemnul (2 flying skulls)
 19299 | Orc:1    | Entered Level 1 of the Orcish Mines
 19369 | Orc:1    | Noticed an orc warlord
 19369 | Orc:1    | Noticed an orc warlord
 19375 | Orc:1    | Found Qigrahi's Distillery.
 19435 | Orc:1    | Received a gift from Yredelemnul (a wraith)
 19493 | Orc:1    | Killed an orc warlord
 19529 | Orc:1    | Killed an orc warlord
 19920 | Orc:2    | Entered Level 2 of the Orcish Mines
 19995 | Orc:2    | Received a gift from Yredelemnul (a wraith)
 20169 | Orc:2    | Reached skill level 15 in Armour
 20215 | Orc:2    | Reached skill level 10 in Invocations
 20294 | Orc:2    | Received a gift from Yredelemnul (3 flying skulls)
 20319 | Orc:2    | Found a staircase to the Elven Halls.
 20378 | Orc:2    | Noticed a stone giant
 20395 | Orc:2    | Received a gift from Yredelemnul (a phantasmal warrior)
 20416 | Orc:2    | Killed a stone giant
 20427 | Orc:2    | Received a gift from Yredelemnul (a skeletal warrior)
 20441 | Orc:2    | Found a roughly hewn altar of Beogh.
 20491 | Orc:2    | Reached XP level 14. HP: 110/130 MP: 14/20
 20496 | Orc:2    | Found Vumistump's Antique Weapon Shoppe.
 20496 | Orc:2    | Found Fyzowilu's Antique Armour Shop.
 20594 | Orc:2    | Received a gift from Yredelemnul (a phantasmal warrior)
 20655 | Orc:2    | Found Reuramebb's Food Shoppe.
 20655 | Orc:2    | Found Quckan's Distillery.
 21317 | D:12     | Received a gift from Yredelemnul (a skeletal warrior)
 21710 | D:12     | Received a gift from Yredelemnul (a flayed ghost)
 21990 | D:12     | Reached ****** piety under Yredelemnul
 22277 | D:13     | Received a gift from Yredelemnul (a phantasmal warrior)
 22282 | D:13     | Reached skill level 17 in Long Blades
 22323 | D:13     | Received a gift from Yredelemnul (a vampire knight)
 22375 | D:13     | Found a large runed translucent door.
 22518 | Lair:1   | Killed MrDNA's ghost
 22689 | Orc:2    | Bought a runed falchion for 222 gold pieces
 22817 | D:13     | Found a large runed translucent door.
 22820 | D:13     | Noticed Nixesouz's ghost (journeyman OpGl)
 22833 | D:13     | Killed Nixesouz's ghost
 23093 | D:13     | Received a gift from Yredelemnul (a vampire)
 23193 | D:13     | Found a gate to the Vaults.
 23425 | D:13     | Received a gift from Yredelemnul (a skeletal warrior)
 23513 | D:14     | Received a gift from Yredelemnul (a phantasmal warrior)
 23809 | D:14     | Received a gift from Yredelemnul (a vampire)
 23833 | D:14     | Found a basalt altar of Yredelemnul.
 24148 | D:14     | Noticed Josephine
 24157 | D:14     | Killed Josephine
 24599 | D:14     | Noticed Nessos
 24607 | D:14     | Killed Nessos
 24857 | D:15     | Entered Level 15 of the Dungeon
 25792 | D:15     | Received a gift from Yredelemnul (a profane servitor)
 26026 | D:15     | Found a staircase to the Depths.
 26112 | D:15     | Received a gift from Yredelemnul (a phantasmal warrior)
 26660 | D:15     | Noticed Rupert
 26674 | D:15     | Killed Rupert
 26845 | D:15     | Found a shadowy altar of Dithmenos.
 26991 | D:15     | Reached XP level 15. HP: 139/139 MP: 22/22
 27414 | Shoals:1 | Entered Level 1 of the Shoals
 27420 | Shoals:1 | Reached skill level 5 in Dodging
 27478 | Shoals:1 | Received a gift from Yredelemnul (a phantasmal warrior)
 27573 | Shoals:1 | Reached skill level 18 in Long Blades
 27584 | Shoals:1 | Received a gift from Yredelemnul (a profane servitor)
 27801 | Shoals:1 | Reached skill level 15 in Fighting
 27826 | Shoals:1 | Received a gift from Yredelemnul (a profane servitor)
 28177 | Shoals:1 | Noticed a kraken
 28186 | Shoals:1 | Killed a kraken
 28205 | Shoals:2 | Noticed Donald
 28218 | Shoals:2 | Killed Donald
 28284 | Shoals:2 | Received a gift from Yredelemnul (a flayed ghost)
 28284 | Shoals:2 | Received a gift from Yredelemnul (a ghoul)
 28286 | Shoals:2 | Killed Frances
 29182 | Shoals:4 | Entered Level 4 of the Shoals
 29196 | Shoals:4 | Received a gift from Yredelemnul (a ghoul)
 29463 | Shoals:4 | Received a gift from Yredelemnul (a phantasmal warrior)
 29515 | Shoals:4 | Noticed a frost giant
 29556 | Shoals:4 | Killed a frost giant
 29557 | Shoals:4 | Received a gift from Yredelemnul (a skeletal warrior)
 29561 | Shoals:4 | Got a barnacled rune of Zot
 30034 | Shoals:4 | Received a gift from Yredelemnul (a flayed ghost)
 30141 | Shoals:4 | Identified Sif Muna's Disquisition on Gliding Transmutation
 30804 | Spider:1 | Entered Level 1 of the Spider Nest
 30826 | Spider:1 | Reached XP level 16. HP: 150/150 MP: 24/24
 30931 | Spider:1 | Got a crystal dagger
 30961 | Spider:1 | Received a gift from Yredelemnul (a vampire)
 31158 | Spider:1 | Found a runed translucent gate.
 31158 | Spider:1 | Found a runed translucent gate.
 31158 | Spider:1 | Found a runed translucent gate.
 31159 | Spider:1 | Noticed glueburn's ghost (adept HOFi)
 31177 | Spider:1 | Killed glueburn's ghost
 31487 | Spider:2 | You fall into a shaft and drop 1 floor!
 31492 | Spider:3 | Reached skill level 19 in Long Blades
 31803 | Spider:2 | Received a gift from Yredelemnul (a phantasmal warrior)
 32146 | Spider:3 | Received a gift from Yredelemnul (a vampire knight)
 32264 | Spider:3 | Noticed Bai Suzhen
 32276 | Spider:3 | Killed Bai Suzhen
 32385 | Spider:3 | Received a gift from Yredelemnul (a flayed ghost)
 32452 | Spider:4 | Entered Level 4 of the Spider Nest
 32534 | Spider:4 | Received a gift from Yredelemnul (a vampire knight)
 32696 | Spider:4 | Received a gift from Yredelemnul (a vampire)
 32696 | Spider:4 | Received a gift from Yredelemnul (a skeletal warrior)
 32764 | Spider:4 | Received a gift from Yredelemnul (a flayed ghost)
 33046 | Spider:4 | Got a gossamer rune of Zot
 33511 | Elf:1    | Entered Level 1 of the Elven Halls
 33648 | Elf:1    | Found Ydytyoc's Gadget Boutique.
 33827 | Elf:1    | Received a gift from Yredelemnul (a phantasmal warrior)
 34031 | Elf:1    | Got a scorched leather armour
 34362 | Elf:1    | Received a gift from Yredelemnul (a vampire knight)
 34702 | Elf:2    | Reached XP level 17. HP: 156/159 MP: 26/26
 34800 | Elf:2    | Reached skill level 20 in Long Blades
 34978 | Elf:2    | Reached skill level 10 in Shields
 34986 | Elf:2    | Received a gift from Yredelemnul (a flayed ghost)
 35228 | Elf:2    | Found a runed translucent gate.
 35229 | Elf:2    | Found a runed translucent gate.
 35230 | Elf:2    | Found a runed translucent gate.
 35236 | Elf:2    | Got a polished battleaxe
 35645 | Elf:2    | Noticed a deep elf blademaster
 35656 | Elf:2    | Killed a deep elf blademaster
 36166 | Elf:3    | Entered Level 3 of the Elven Halls
 36240 | Elf:3    | Received a gift from Yredelemnul (a vampire)
 36294 | Elf:3    | Identified the amulet of Balance {Harm *Drain rElec} (You
                  | acquired it on level 3 of the Elven Halls)
 36463 | Elf:3    | Received a gift from Yredelemnul (a vampire knight)
 36611 | Elf:3    | Noticed a deep elf blademaster
 36611 | Elf:3    | Noticed a deep elf blademaster
 36624 | Elf:3    | Noticed a deep elf master archer
 36640 | Elf:3    | Noticed a Tzitzimitl
 36642 | Elf:3    | Killed a deep elf blademaster
 36645 | Elf:3    | Noticed a Tzitzimitl
 36645 | Elf:3    | Killed a deep elf master archer
 36646 | Elf:3    | Killed a deep elf blademaster
 36646 | Elf:3    | Reached skill level 15 in Invocations
 36646 | Elf:3    | Received a gift from Yredelemnul (a ghoul)
 36689 | Elf:3    | Noticed a deep elf master archer
 36697 | Elf:3    | Killed a deep elf master archer
 36709 | Elf:3    | Cast into level 2 of the Abyss (a deep elf sorcerer)
 36840 | Abyss:2  | Noticed a lich
 37122 | Abyss:2  | Received a gift from Yredelemnul (a flayed ghost)
 37215 | Abyss:2  | Reached XP level 18. HP: 53/170 MP: 19/19
 37238 | Abyss:2  | Lost intelligence.
 37242 | Abyss:2  | HP: 5/119 [raiju/living lightning (2)]
 37242 | Abyss:2  | Killed from afar by a wretched star

Levels and vault maps discovered:
D:1:      dpeg_arrival_short_road, layout_basic
D:2:      layout_basic, first_ration, minmay_tiny_reverse_x
D:3:      layout_basic, tgw_trog, minitemple
D:4:      layout_basic, vehumet_crystals, minmay_misc_feat_plants,
          kennysheep_slug_shrine
D:5:      layout_loops_ring, nicolae_overflow_hidden_temple,
          grunt_gozag_breadcrumbs, minmay_temple_entry_statues_pillars,
          nicolae_ossuary_entry_plus
D:6:      layout_basic, kennysheep_mini_moat
D:7:      layout_basic
D:8:      layout_rooms, grunt_temple_overflow_growth_and_decay, grunt_ogre_cave
D:9:      layout_loops_ring, nicolae_overflow_crystal_walls,
          lemuel_coloured_pillars_altar, erik_lair_orcish_takeover
D:10:     minmay_general_purpose_star, layout_long_grid, serial_shops, shop
D:11:     layout_rooms, erik_orc_1, minmay_misc_feat_chi
D:12:     layout_grid_maze, minmay_mirror_moons_of_madness
D:13:     layout_roguey, david_vaults_5, ebering_ghost_disaster_area,
          serial_bayou_lake_a
D:14:     layout_long_grid, lemuel_mausoleum_altar_yredelemnul, uniq_nessos,
          uniq_josephine
D:15:     hangedman_depths_entry_civil_slaughter, layout_stronghold,
          serial_bayou_ford_a, basic_altar,
          minmay_the_grid_square_5x5_3x3_mashed
          [minmay_the_grid_square_5x5_half_checkered,
          minmay_the_grid_square_5x5_misaligned,
          minmay_the_grid_square_5x5_six_small,
          minmay_the_grid_square_5x5_three_walls,
          minmay_the_grid_square_5x5_megaprize_hollow,
          minmay_the_grid_square_5x5_inner_i, minmay_the_grid_square_5x5_inset,
          minmay_the_grid_square_5x5_seven,
          minmay_the_grid_square_5x5_one_wall], uniq_rupert
Temple:   jpeg_temple_alley_garden
Lair:1:   layout_gridlike, gammafunk_ghost_necromancy,
          chequers_serial_rivers_micro_c, infiniplex_staircase_pool, uniq_sonja
Lair:2:   layout_regular_city, elwin_shoals_entry_rooms, lemuel_fruit_tree
Lair:3:   layout_roguey, minmay_lair_oklob_chamber, uniq_snorg, uniq_gastronok
Lair:4:   layout_concentric_octagons, dummy_spider_entry
Lair:5:   layout_long_grid, lemuel_fruit_fields, serial_bayou_shore_b,
          uniq_kirke
Lair:6:   minmay_lair_end_frog_pond, layout_regular_city, slime_altar_1
Shoals:1: layout_shoals, nicolae_shoals_stone_sculpture_thing,
          hangedman_shoal_volcano
Shoals:2: layout_shoals, uniq_donald, uniq_frances
Shoals:3: layout_shoals
Shoals:4: shoals_end_grunt_ice, layout_shoals
Spider:1: layout_spider_delve, ebering_ghost_rock_garden, drop_trap
Spider:2: layout_spider_delve
Spider:3: layout_spider_delve, nicolae_crawler_farm, uniq_bai_suzhen
Spider:4: grunt_spider_rune_circles
Orc:1:    cheibrodos_orc_arena, layout_caves, serial_shops, shop,
          nicolae_shop_temple_entry_statues_fountains, shop, shop,
          nicolae_orc_rockfall, rock_pile
Orc:2:    st_orc_town, layout_caves
Elf:1:    layout_geoelf_diagonals, serial_shops, shop,
          kennysheep_underground_church
Elf:2:    layout_loops_corners
Elf:3:    elf_hall, layout_geoelf_diagonals, serial_shops, shop, shop,
          nicolae_shop_stone, nicolae_shop_window_shopping, serial_glass,
          glass_columns_b, glass_columns_b, glass_columns_c, glass_columns_b,
          glass_columns_a, serial_sigils_hangedman_scratch,
          nicolae_elf_big_sculpture_1
Abyss:2:  base:
D:2

Skill      XL: |  1  2  3  4  5  6  7  8  9 10 11 12 13 14 15 16 17 |
---------------+----------------------------------------------------+-----
Fighting       | 4 5 6 7 8 10 11 12 13 14 15 16 17 | 17.4
Armour         | 4 5 6 7 8 10 11 13 15 16 17 18 19 | 19.2
Long Blades    | 3 4 5 6 8 10 11 12 13 15 16 17 18 19 20 | 20.5
Dodging        | 1 2 4 5 |  5.5
Invocations    | 1 3 5 7 8 10 11 13 14 15 | 15.2
Shields        | 5 6 8 9 11 | 11.5

Action                   |  1- 3 |  4- 6 |  7- 9 | 10-12 | 13-15 | 16-18 || total
-------------------------+-------+-------+-------+-------+-------+-------++-------
Melee: Long sword        |    72 |    72 |   369 |   510 |   504 |   171 ||  1698
       Headbutt          |    14 |    15 |   101 |   147 |   355 |   243 ||   875
       Falchion          |       |       |       |       |   614 |   576 ||  1190
       Scimitar          |       |       |       |       |     5 |       ||     5
Invok: Animate Remains   |       |       |    12 |    32 |       |       ||    44
       Recall Undead Sla |       |       |     1 |     1 |    14 |    10 ||    26
       Animate Dead      |       |       |       |    27 |   105 |    35 ||   167
       Drain Life        |       |       |       |       |     8 |     8 ||    16
  Use: Scroll            |     9 |     1 |    11 |    10 |     5 |     2 ||    38
       Potion            |     1 |     1 |     2 |     5 |       |     2 ||    11
 Stab: Distracted        |       |       |       |     2 |    25 |    15 ||    42
       Paralysed         |       |       |       |       |       |     1 ||     1
  Eat: Chunk             |     4 |     3 |    23 |    34 |    78 |    32 ||   174
       Ration            |       |       |     1 |     4 |     2 |     1 ||     8
Armor: Scale mail        |    10 |       |       |       |       |       ||    10
       Ring mail         |    26 |    35 |    99 |       |       |       ||   160
       Plate armour      |       |       |    81 |   357 |   666 |   382 ||  1486
Dodge: Dodged            |    41 |    50 |   193 |   211 |   461 |   245 ||  1201
Block: Buckler           |       |       |       |       |   228 |   244 ||   472
       Rpst.: Long sword |     7 |    17 |    59 |    61 |    40 |    14 ||   198
       Falchion          |       |       |       |       |    50 |    33 ||    83

Table legend:
 A = Non-vault XP
 B = Vault XP
 C = Vault XP percentage of total XP
 D = Non-vault monster count
 E = Vault monster count
 F = Vault count percentage of total count
                 A         B        C        D         E       F
            +---------+---------+-------+---------+---------+-------
      Total |  163009 |  121654 |  42.7 |     794 |     416 |  34.4
            +---------+---------+-------+---------+---------+-------
        D:1 |      24 |       0 |   0.0 |      13 |       0 |   0.0
        D:2 |      23 |      16 |  41.0 |       7 |       2 |  22.2
        D:3 |      81 |      17 |  17.3 |      15 |       5 |  25.0
        D:4 |     437 |       4 |   0.9 |      15 |       1 |   6.2
        D:5 |    1006 |       0 |   0.0 |      30 |       0 |   0.0
        D:6 |     316 |       0 |   0.0 |       9 |       0 |   0.0
        D:7 |     987 |       0 |   0.0 |      25 |       0 |   0.0
        D:8 |     481 |     113 |  19.0 |       4 |       1 |  20.0
        D:9 |     965 |     470 |  32.8 |      14 |       6 |  30.0
       D:10 |     979 |     321 |  24.7 |      23 |       5 |  17.9
       D:11 |    3026 |     385 |  11.3 |      20 |      17 |  45.9
       D:12 |    1609 |    1547 |  49.0 |      19 |       7 |  26.9
       D:13 |    4203 |    1432 |  25.4 |      48 |       2 |   4.0
       D:14 |    5029 |    2214 |  30.6 |      23 |      17 |  42.5
       D:15 |    8292 |   10000 |  54.7 |      41 |      21 |  33.9
     Lair:1 |    1991 |    2349 |  54.1 |      16 |       6 |  27.3
     Lair:2 |    3473 |     369 |   9.6 |      16 |       1 |   5.9
     Lair:3 |    1910 |    4220 |  68.8 |      13 |       6 |  31.6
     Lair:4 |    2830 |       0 |   0.0 |       9 |       0 |   0.0
     Lair:5 |    7210 |    1970 |  21.5 |      21 |       2 |   8.7
     Lair:6 |    6434 |    8903 |  58.0 |      22 |      46 |  67.6
   Shoals:1 |   12621 |    2883 |  18.6 |      40 |      10 |  20.0
   Shoals:2 |    6163 |    2237 |  26.6 |      23 |       2 |   8.0
   Shoals:3 |    5068 |       0 |   0.0 |      17 |       0 |   0.0
   Shoals:4 |    8393 |   11642 |  58.1 |      35 |      27 |  43.5
   Spider:1 |    4336 |    1170 |  21.2 |      21 |       1 |   4.5
   Spider:2 |    6515 |       0 |   0.0 |      24 |       0 |   0.0
   Spider:3 |   14616 |    4659 |  24.2 |      74 |       8 |   9.8
   Spider:4 |    4460 |   13097 |  74.6 |      18 |      39 |  68.4
      Orc:1 |     224 |    3522 |  94.0 |       2 |      17 |  89.5
      Orc:2 |    3993 |    4249 |  51.6 |      31 |      56 |  64.4
      Elf:1 |    9449 |    2885 |  23.4 |      22 |       6 |  21.4
      Elf:2 |   18368 |   12636 |  40.8 |      46 |      28 |  37.8
      Elf:3 |   12026 |   28070 |  70.0 |      24 |      27 |  52.9
    Abyss:2 |    5471 |       0 |   0.0 |      14 |       0 |   0.0
    Ossuary |       0 |     274 | 100.0 |       0 |      50 | 100.0
            +---------+---------+-------+---------+---------+-------
